 Dungeon Crawl Stone Soup version 0.29-a0-839-g4793fd635e (webtiles) character file.

Game seed: 17077496984589236104

109 27snakeeyes612 the Cudgeller (level 4, -2/67 HPs)
             Began as a Troll Berserker on July 14, 2022.
             Was a Believer of Trog.
             Succumbed to an orc's poison
             ... on level 3 of the Dungeon.
             The game lasted 00:01:38 (2360 turns).

27snakeeyes612 the Cudgeller (Troll Berserker)      Turns: 2360, Time: 00:01:39

Health: -2/67      AC:  4    Str: 27    XL:     4   Next: 59%
Magic:  3/3        EV: 10    Int:  3    God:    Trog [**....]
Gold:   153        SH:  0    Dex:  9    Spells: 3/3 levels left

rFire   . . .      SeeInvis +   n - +0 flail
rCold   . . .      Faith    .   (no shield)
rNeg    . . .      Spirit   .   b - +0 animal skin
rPois   .          Reflect  .   (helmet restricted)
rElec   .          Harm     .   (no cloak)
rCorr   .          Rampage  .   (gloves unavailable)
Will    +....                   (boots unavailable)
Stlth   ..........              (no amulet)
HPRegen 1.01/turn               e - ring of willpower
MPRegen 0.08/turn               h - ring of see invisible

@: berserking, lethally poisoned (-2 -> -17), very quick
A: large, unfitting armour, claws 3, regeneration 1, shaggy fur 1, tough skin 1
a: Renounce Religion, Berserk, Trog's Hand


You were on level 3 of the Dungeon.
You worshipped Trog.
Trog was pleased with you.
You visited 1 branch of the dungeon, and saw 3 of its levels.

You collected 153 gold pieces.

Inventory:

Hand Weapons
 a - a +0 mace
 n - a +0 flail (weapon)
Armour
 b - a +0 animal skin (worn)
Jewellery
 c - a ring of fire
 e - a ring of willpower (left claw)
 h - a ring of see invisible (right claw)
Scrolls
 f - 2 scrolls of vulnerability {unknown}
 g - 2 scrolls of teleportation {unknown}
 i - a scroll of acquirement {unknown}
 j - 2 scrolls of fog {unknown}
 k - 5 scrolls of identify {unknown}
 l - a scroll of torment {unknown}
Potions
 d - a potion of haste {unknown}
 m - a potion of degeneration {unknown}


   Skills:
 + Level 3.0 Fighting
 + Level 3.3 Maces & Flails
 + Level 1.6 Throwing
 + Level 3.0 Dodging


You had 3 spell levels left.
You didn't know any spells.
Your spell library was empty.

Dungeon Overview and Level Annotations

Branches:
Dungeon (3/15)

Altars:
Dithmenos
Elyvilon
Gozag

Shops:
D:3 [


Innate Abilities, Weirdness & Mutations

You are too large for most types of armour.
You have claws for hands.
Your natural rate of healing is unusually fast.
You are covered in fur. (AC +1)
You have tough skin. (AC +1)


Message History

The sling bullet barely misses you. The orc hits you with a +0 flail.
The orc shoots a sling bullet.
The sling bullet barely misses you. The orc hits you but does no damage.
The orc hits you with a +0 flail.
You are too injured to fight recklessly!
You are too injured to fight recklessly!
You are too injured to fight recklessly!
You are too injured to fight recklessly!
You are too injured to fight recklessly!
You are too injured to fight recklessly!
You are too injured to fight recklessly!
You are too injured to fight recklessly!
The orc attacks as you move away! The orc barely misses you.
The orc hits you but does no damage.
You see here 4 gold pieces.
The orc attacks as you move away! The orc hits you with a +3 dagger.
* * * LOW HITPOINT WARNING * * *
A red film seems to cover your vision as you go berserk!
You feel yourself moving faster!
You feel mighty! The orc closely misses you.
You feel a strong urge to attack something.
You see here 4 gold pieces.
You completely miss the orc. The orc hits you with a +3 dagger!
* * * LOW HITPOINT WARNING * * *
The orc unwields a +0 sling.
The orc wields a +0 short sword of venom.
It begins to drip with poison!
The orc hits you with a +0 short sword of venom.
* * * LOW HITPOINT WARNING * * *
You are poisoned.
The orc closely misses you.
You sock the orc!
You kill the orc!
Trog accepts your kill.
* * * LOW HITPOINT WARNING * * *
You feel very sick. The orc closely misses you.
The orc hits you with a +0 short sword of venom.
* * * LOW HITPOINT WARNING * * *
You are more poisoned.
You closely miss the orc.
You die...

#(## #.#
###.# ....#
##### #####
####...###
#....#...###
#.#####.)..#
####.# #@o.##
##.#..# #o).#
#....## #)..#
##.### .....#
#.# ........
#.#
....⌠......
#.#
............
#.#
####.....###.
# ###.#
+#...#+


You could see 2 orcs.

Vanquished Creatures
  3 gnolls (D:3)
  3 adders
  A worm (D:2)
  2 dart slugs (D:1)
  3 orcs (D:3)
  7 ball pythons
  3 endoplasms
  3 giant cockroaches
  3 goblins
  2 hobgoblins
  3 quokkas
  4 bats
  A frilled lizard (D:1)
  A kobold (D:2)
  3 rats
42 creatures vanquished.

Vanquished Creatures (others)
  A plant (D:3)
1 creature vanquished.

Grand Total: 43 creatures vanquished

Notes
Turn   | Place    | Note
-------+----------+-------------------------------------------
     0 | D:1      | 27snakeeyes612 the Troll Berserker began the quest for the
                  | Orb.
     0 | D:1      | Reached XP level 1. HP: 22/22 MP: 0/0
   146 | D:1      | Reached XP level 2. HP: 28/29 MP: 1/1
   231 | D:1      | Found a faded altar of an unknown god.
   930 | D:2      | Reached XP level 3. HP: 36/36 MP: 2/2
   965 | D:2      | Reached skill level 1 in Throwing
  1325 | D:2      | Found a shadowy altar of Dithmenos.
  1803 | D:3      | Found an opulent altar of Gozag.
  1887 | D:3      | Found a white marble altar of Elyvilon.
  1959 | D:3      | Found Cafos's Armour Shoppe.
  1966 | D:3      | Reached ** piety under Trog
  2121 | D:3      | Reached XP level 4. HP: 38/44 MP: 3/3
  2359 | D:3      | HP: 2/67 [orc/+0 short sword of venom (4)]
  2360 | D:3      | Succumbed to an orc's poison

Illustrated notes

Levels and vault maps discovered:
D:1:      roderic_chinese_lattice_arrival, layout_loops_ring,
          shapermc_ecumenical_altar_gd
D:2:      layout_loops_corners, basic_altar
D:3:      layout_loops_cross, grunt_gozag_breadcrumbs,
          mainiacjoe_overflow_boulevard, serial_shops, shop, grunt_ministairs_6,
          minmay_misc_feat_enclosed, st_stairs_4, minmay_misc_feat_square

Skill      XL: |  1  2  3  4 |
---------------+-------------+-----
Maces & Flails | 3 |  3.3
Throwing       | 1 |  1.6
Dodging        | 3 |  3.0
Fighting       | 3 |  3.0

Action                   |  1- 3 |  4- 6 || total
-------------------------+-------+-------++-------
Melee: Mace              |   139 |    10 ||   149
       Flail             |       |    14 ||    14
Invok: Berserk           |     1 |     2 ||     3
Armor: Animal skin       |    57 |     3 ||    60
Dodge: Dodged            |    92 |    22 ||   114

Table legend: (Time is in decaauts)
 A = Elapsed time spent in this place.
 B = Non-inter-level travel time spent in this place.
 C = Inter-level travel time spent in this place.
 D = Time resting spent in this place.
 E = Time spent auto-exploring this place.
 F = Levels seen in this place.
 G = Mean time per level.
                   A        B        C        D        E       F      G
               +--------+--------+--------+--------+--------+-----+--------+
         Total |   2410 |   2363 |     47 |     44 |   1957 |   3 |  803.3 |
       Dungeon |   2410 |   2363 |     47 |     44 |   1957 |   3 |  803.3 |
               +--------+--------+--------+--------+--------+-----+--------+

Top non-repeatable levels by time:
     D:2: 916 daAuts
     D:1: 854 daAuts
     D:3: 639 daAuts
